 Dungeon Crawl Stone Soup version 0.18.1-5-g4a78601 (webtiles) character file.

13 M4edhros the Insei (level 2, -5/14 HPs)
             Began as a Vine Stalker Transmuter on May 10, 2016.
             Killed by nerve-wracking pain
             ... invoked by Grinder
              (11 damage)
             ... on level 3 of the Dungeon.
             The game lasted 00:01:26 (330 turns).

M4edhros the Insei (Vine Stalker Transmuter)         Turns: 330, Time: 00:01:27

Health: -5/14      AC:  2    Str: 12    XL:     2   Next: 37%
Magic:  0/6        EV: 12    Int: 13    God:
Gold:   35         SH:  0    Dex: 14    Spells: 2 memorised, 2 levels left

rFire  . . .     SeeInvis .       - Unarmed
rCold  . . .     Gourm    .     b - +0 robe
rNeg   . . .     Faith    .     (no shield)
rPois  .         Spirit   +     (no helmet)
rElec  .         Dismiss  .     (no cloak)
rCorr  .         Reflect  .     (no gloves)
SustAt .         Harm     .     (no boots)
MR     .....     Rnd*Tele +     (no amulet)
Stlth  +.........               (no ring)
                                l - ring of teleportation (curse)

@: not resistant to hostile enchantments, very unstealthy
A: fangs 2, regeneration 1, magic shield, antimagic bite, no device heal 3, rot
immunity
a: no special abilities


You were on level 3 of the Dungeon.
You were not hungry.

You visited 1 branch of the dungeon, and saw 3 of its levels.

You collected 35 gold pieces.

Inventory:

Missiles
 a - 12 arrows
 e - 4 javelins (quivered)
Armour
 b - a +0 robe (worn)
Jewellery
 l - a cursed ring of teleportation (left hand)
Scrolls
 g - a scroll of recharging
 i - a scroll of noise {unknown}
 j - 3 scrolls of identify {unknown}
 k - a scroll of fog {unknown}
Potions
 f - a potion of haste {unknown}
 m - a potion of curing {unknown}
Books
 c - a book of Changes

   Spells                             Type                      Level
   a - Beastly Appendage              Transmutation                1
   b - Sticks to Snakes               Transmutation                2
   c - Spider Form                    Transmutation/Poison         3
   d - Ice Form                       Ice/Transmutation            4
   e - Blade Hands                    Transmutation                5
Comestibles
 d - a bread ration
 h - a royal jelly


   Skills:
 - Level 0.8 Fighting
 - Level 1.5 Dodging
 + Level 3.7 Unarmed Combat
 - Level 2.1 Spellcasting
 - Level 2.0 Transmutations


You had 2 spell levels left.
You knew the following spells:

 Your Spells              Type           Power        Failure   Level  Hunger
a - Beastly Appendage     Trmt           #.....       12%         1    ##.....
b - Sticks to Snakes      Trmt           #.......     17%         2    ###....


Dungeon Overview and Level Annotations

Branches:
Dungeon (3/15)

Altars:
Nemelex Xobeh

Annotations:
D:3 Grinder


Innate Abilities, Weirdness & Mutations

You have extremely sharp teeth.
Your natural rate of healing is unusually fast.
When hurt, damage is shared between your health and your magic reserves.
Your bite disrupts and absorbs the magic of your enemies.
Potions and wands cannot restore your health.
You are immune to rotting.


Message History

You open the gate.
There is an open gate here.
Found a sparkling altar of Nemelex Xobeh.
There is an open gate here.
You see here a spear.
There is a stone staircase leading down here.
You climb downwards.
A kobold comes into view. It is wielding a dagger.
There is a stone staircase leading up here.
The kobold shouts!
You hear a shout!
The kobold throws a stone.
The stone hits you.
Grinder comes into view.
You see here a stone.
Grinder hits you!
You writhe in agony.
You are too injured to fight recklessly!
You are too injured to fight recklessly!
Grinder gestures at you. Pain shoots through your body!
Ouch! That really hurt!
You die...

. .. ## ..
##. .#
#..###.#
#..5...##
######.....#
#...<@K###..#
.....######
.##


You could see Grinder and a kobold.

Vanquished Creatures
  An ooze (D:1)
  2 bats (D:1)
  2 goblins
  A hobgoblin (D:2)
  A kobold (D:2)
  2 giant newts
9 creatures vanquished.

Notes
Turn   | Place    | Note
--------------------------------------------------------------
     0 | D:1      | M4edhros the Vine Stalker Transmuter began the quest for the Orb.
     0 | D:1      | Reached XP level 1. HP: 9/9 MP: 4/4
    42 | D:1      | Reached XP level 2. HP: 7/14 MP: 4/6
    47 | D:1      | Learned a level 2 spell: Sticks to Snakes
   289 | D:2      | Found a sparkling altar of Nemelex Xobeh.
   329 | D:3      | Noticed Grinder
   330 | D:3      | Killed from afar by Grinder

Action                   || total
-------------------------++-------
Melee: Unarmed           ||    22
       Bite              ||     9
  Use: Scroll            ||     2
 Stab: Sleeping          ||     2
Armor: Robe              ||     6
Dodge: Dodged            ||     8
